 Dungeon Crawl Stone Soup version 0.27.1-3-gb3d3a73c9e (webtiles) character file.

Game seed: 9016742972773366847

2522 Crownlay the Destroyer (level 9, 0/62 HPs)
             Began as a Green Draconian Conjurer on Oct 21, 2021.
             Was a Follower of Vehumet.
             Slain by Harold (7 damage)
             ... on level 7 of the Dungeon.
             The game lasted 00:09:03 (7058 turns).

Crownlay the Destroyer (Green Draconian Conjurer)   Turns: 7058, Time: 00:09:03

Health: 0/62       AC:  7    Str:  9    XL:     9   Next: 29%
Magic:  9/20       EV: 12    Int: 26    God:    Vehumet [*.....]
Gold:   373        SH:  0    Dex: 10    Spells: 19/22 levels left

rFire    . . .     SeeInvis +   z - +6 bardiche of Springtime {drain, rC+ Int+4}
rCold    + . .     Faith    .   (shield currently unavailable)
rNeg     . . .     Spirit   .   (armour unavailable)
rPois    +         Reflect  .   (helmet restricted)
rElec    .         Harm     .   (no cloak)
rCorr    .         Rampage  .   (no gloves)
Will     .....                  (no boots)
Stlth    ++........             (no amulet)
HPRegen  0.20/turn              r - ring of see invisible
MPRegen  0.17/turn              (no ring)

@: no status effects
A: breathe noxious fumes, AC +7, unfitting armour, poison resistance,
cold-blooded
a: Breathe Noxious Fumes, Renounce Religion


You were on level 7 of the Dungeon.
You worshipped Vehumet.
Vehumet was aware of your devotion.
You visited 2 branches of the dungeon, and saw 8 of its levels.

You collected 373 gold pieces.

Inventory:

Hand Weapons
 i - a +2 dagger of protection
 z - the +6 bardiche of Springtime (weapon) {drain, rC+ Int+4}
   (You found it on level 6 of the Dungeon)

   A truly terrible weapon, it drains the life of any living foe it strikes.
   Int:       It affects your intelligence (+4).
   rC:        It protects you from cold.
Armour
 w - a +0 buckler
Jewellery
 r - a ring of see invisible (left hand)
Wands
 n - a wand of digging (5)
 t - a wand of polymorph (18)
 u - a wand of iceblast (5)
 y - a wand of paralysis (20)
Scrolls
 b - a scroll of brand weapon {unknown}
 c - 3 scrolls of torment
 d - 2 scrolls of enchant armour
 f - 4 scrolls of teleportation
 j - a scroll of acquirement {unknown}
 l - a scroll of fog {unknown}
 o - a scroll of blinking {unknown}
 q - a scroll of enchant weapon {unknown}
 v - 2 scrolls of noise {unknown}
 x - a scroll of identify
 A - a scroll of holy word {unknown}
Potions
 a - a potion of ambrosia {unknown}
 e - 2 potions of curing {unknown}
 g - a potion of heal wounds {unknown}
 h - 4 potions of flight
 k - 2 potions of invisibility {unknown}
 m - a potion of brilliance {unknown}
 p - a potion of might {unknown}
 s - a potion of haste {unknown}


   Skills:
 - Level 1.7 Dodging
 - Level 1.7 Stealth
 - Level 4.0 Shields
 + Level 7.3 Spellcasting
 * Level 9.9 Conjurations


You had 19 spell levels left.
You knew the following spells:

 Your Spells              Type           Power      Damage    Failure   Level
a - Magic Dart            Conj           100%       1d8       1%          1
b - Searing Ray           Conj           100%       3d7       1%          2

Your spell library contained the following spells:

 Spells                   Type           Power      Damage    Failure   Level
 Freeze                   Ice            36%        1d6       6%          1
 Conjure Flame            Conj/Fire      35%        6-21      2%          3
 Dazzling Flash           Conj/Hex       70%        N/A       2%          3
 Fulminant Prism          Conj/Hex       17%        3d11      8%          4
 Iskenderun's Mystic Bla  Conj/Tloc      35%        2d8       8%          4
 Sticky Flame             Conj/Fire      35%        2d5       8%          4
 Ignite Poison            Fire/Tmut/Pois 9%         N/A       19%         3


Dungeon Overview and Level Annotations

Branches:
Dungeon (7/15)             Temple (1/1) D:5

Altars:
Elyvilon
Kikubaaqudgha
Nemelex Xobeh
Trog
Vehumet
Wu Jian
Zin

Shops:
D:2 :[   D:5 (

Annotations:
D:7 Harold


Innate Abilities, Weirdness & Mutations

You can breathe blasts of noxious fumes.
Your lurid green scales are hard. (AC +7)
You cannot fit into any form of body armour.
Your system is resistant to poisons. (rPois)
You are cold-blooded and may be slowed by cold attacks.


Message History

You become entangled in the net!
The shadow hits you!
You see here a throwing net.
You struggle against the net.
The wyvern zombie bites you but does no damage. x2
The shadow hits you.
You tear a large gash into the net.
The wyvern zombie barely misses you. The shadow hits you.
You rip the net and break free!
Harold says, "Bounty hunting has been great, but I can't wait to retire."
Harold completely misses you. The wyvern zombie bites you.
The shadow slips into darkness.
The shadow flickers and vanishes for a moment.
Harold hits you with a +0 long sword!
Casting: Searing Ray (safe; 1% risk of failure)
Confirm with . or Enter, or press ? or * to list all spells.
Aiming: Searing Ray (safe; 1% risk of failure)
Press: ? - help, Shift-Dir - straight line, f/p - wyvern zombie
Aim: a wyvern zombie (moderately damaged, 94% to hit)
The searing ray misses Harold.
The searing ray hits the wyvern zombie!
The wyvern zombie is heavily damaged. (Press . to maintain the ray.) Harold hits you with a +0 long sword.
The searing ray hits Harold!
Harold is lightly wounded.
The searing ray hits the shadow!
The shadow is heavily damaged.
The searing ray hits the wyvern zombie.
The wyvern zombie is severely damaged.
Harold hits you with a +0 long sword!
* * * LOW HITPOINT WARNING * * *
The searing ray hits Harold!
Harold is moderately wounded.
The searing ray hits the wyvern zombie.
The wyvern zombie is almost destroyed.
Harold hits you with a +0 long sword.
* * * LOW HITPOINT WARNING * * *
The searing ray hits Harold!
Harold is heavily wounded.
You finish channeling your searing ray.
Harold hits you with a +0 long sword!
You die...

#....#########
#..†.......<<#
##.##.#######.# #..#...##
#.# #.#.###.#####.# #...#
#.).†.<.# ##.#.###.####..#
#..##Z..## #..# ##..@@W...#
#..# ##...#####)# #.##
###....# #.# #.#
#####...#..# #)# #.#
#####.....#....#####.####.#
......#..####.............#
#......## #.######.####.#
#.####.# #.# #.# #.# #.#
#.# #.# #.#


You could see Harold, a shadow (invisible) and a wyvern zombie.

Vanquished Creatures
  Maggie (D:6)
  Prince Ribbit (D:6)
  An ice beast (D:5)
  3 sky beasts
  3 black bears
  A necrophage (D:5)
  3 ogres (D:5)
  2 centaurs (D:7)
  A phantom (D:6)
  Blork the orc (D:4)
  A scorpion (D:4)
  3 killer bees (D:7)
  A howler monkey (D:7)
  4 centaur zombies
  3 hounds
  2 jellies
  An orc priest (D:5)
  Ijyb (D:3)
  3 iguanas
  An orc wizard (D:5)
  6 adders
  A howler monkey skeleton (D:6)
  3 worms (D:2)
  7 orcs
  3 endoplasms
  7 giant cockroaches
  6 goblins
  5 hobgoblins
  4 kobolds
  5 quokkas
  3 ball pythons
  6 bats
  A frilled lizard (D:1)
  4 rats
98 creatures vanquished.

Vanquished Creatures (others)
  An adder (D:6)
  3 plants (D:5)
4 creatures vanquished.

Grand Total: 102 creatures vanquished

Notes
Turn   | Place    | Note
-------+----------+-------------------------------------------
     0 | D:1      | Crownlay the Draconian Conjurer began the quest for the
                  | Orb.
     0 | D:1      | Reached XP level 1. HP: 14/14 MP: 3/3
   511 | D:1      | Reached XP level 2. HP: 16/20 MP: 1/5
   597 | D:1      | Found a faded altar of an unknown god.
  1279 | D:2      | Found Muthriw's Armour Shoppe.
  1485 | D:2      | Learned a level 2 spell: Searing Ray
  1525 | D:2      | Found Yjearosch's Book Shop.
  1533 | D:2      | Reached XP level 3. HP: 26/26 MP: 2/7
  2414 | D:3      | Noticed a sky beast
  2425 | D:3      | Killed a sky beast
  2426 | D:3      | Reached skill level 5 in Conjurations
  2426 | D:3      | Reached XP level 4. HP: 15/33 MP: 1/10
  2426 | D:3      | Reached XP level 5. HP: 17/38 MP: 1/11
  2612 | D:3      | Noticed Ijyb
  2618 | D:3      | Killed Ijyb
  3210 | D:3      | Found an ornate altar of the Wu Jian Council.
  3526 | D:4      | Noticed Blork the orc
  3532 | D:4      | Killed Blork the orc
  3533 | D:4      | Reached skill level 5 in Spellcasting
  3533 | D:4      | Reached XP level 6. HP: 35/45 MP: 5/13
  3849 | D:5      | Entered Level 5 of the Dungeon
  3849 | D:5      | Found a staircase to the Ecumenical Temple.
  3858 | Temple   | Entered the Ecumenical Temple
  3881 | Temple   | Became a worshipper of Vehumet
  4070 | D:5      | Reached skill level 6 in Conjurations
  4203 | D:5      | Noticed a sky beast
  4213 | D:5      | Killed a sky beast
  4214 | D:5      | Your scales start taking on a lurid green colour.
  4214 | D:5      | Reached XP level 7. HP: 33/50 MP: 7/15
  4214 | D:5      | Gained mutation: Your system is resistant to poisons.
                  | (rPois) [Green Draconian growth]
  4624 | D:5      | Reached skill level 1 in Shields
  4953 | D:5      | Reached skill level 7 in Conjurations
  4953 | D:5      | Reached XP level 8. HP: 57/57 MP: 8/16
  5362 | D:5      | Found Emekki's Weapon Emporium.
  5514 | D:6      | Reached * piety under Vehumet
  5514 | D:6      | Offered knowledge of Freeze by Vehumet.
  5701 | D:6      | Identified the +6 bardiche of Springtime {drain, rC+ Int+4}
  5785 | D:6      | Noticed Maggie
  5788 | D:6      | Paralysed by Maggie for 5 turns
  5800 | D:6      | Killed Maggie
  5801 | D:6      | Reached skill level 8 in Conjurations
  6398 | D:6      | Reached skill level 9 in Conjurations
  6487 | D:6      | Noticed Prince Ribbit
  6493 | D:6      | Killed Prince Ribbit
  6494 | D:6      | Reached XP level 9. HP: 62/62 MP: 12/19
  7041 | D:7      | Identified the ring "Eggathras" {Drain rElec Will+ Str-4
                  | Slay+5 SInv}
  7047 | D:7      | Noticed Harold
  7058 | D:7      | Slain by Harold

Illustrated notes

Levels and vault maps discovered:
D:1:      moated_graveyard_arrival, layout_basic,
          dilly_ecumenical_altar_fadedgnrine, kennysheep_small_spiral,
          minmay_misc_feat_tower
D:2:      layout_rooms, serial_shops, shop, shop
D:3:      minmay_chambers_of_twos, layout_basic, hangedman_decor_growths,
          kennysheep_flooded_box, hangedman_decor_peaks_small,
          minmay_misc_feat_secret_circle, uniq_ijyb
D:4:      layout_basic, uniq_blork_the_orc
D:5:      layout_loops_corners, minmay_temple_entry_gardened_gates,
          serial_shops, shop, serial_bayou_pond_a
D:6:      layout_loops_ring, kennysheep_nondescript, uniq_prince_ribbit1,
          uniq_maggie
D:7:      minmay_the_grid_plus_closed [minmay_the_grid_broken_lines,
          minmay_the_grid_dragon_a, minmay_the_grid_medium_cups,
          minmay_the_grid_diamond_grid,
          minmay_the_grid_prize_four_corners_diamond_a], layout_loops_ring,
          minitemple, kennysheep_generic_room_11, uniq_harold
Temple:   nicolae_temple_hex_pool

Skill      XL: |  1  2  3  4  5  6  7  8  9 |
---------------+----------------------------+-----
Spellcasting   | 4 5 6 7 |  7.3
Conjurations   | 5 6 7 9 |  9.9
Shields        | 4 |  4.0
Dodging        | |  1.7
Stealth        | |  1.7

Action                   |  1- 3 |  4- 6 |  7- 9 || total
-------------------------+-------+-------+-------++-------
Melee: Unarmed           |    14 |       |       ||    14
       Dagger            |     5 |       |     4 ||     9
 Cast: Magic Dart        |    80 |    52 |    42 ||   174
       Searing Ray       |     2 |     9 |    33 ||    44
 Abil: Breathe Noxious F |       |       |     1 ||     1
  Use: Scroll            |       |     3 |     1 ||     4
Armor: Skin              |     4 |     4 |    16 ||    24
Dodge: Dodged            |    29 |    10 |    27 ||    66
Block: Buckler           |       |       |     2 ||     2
